 Dungeon Crawl Stone Soup version 0.31-a0-851-g7ff8af7976 (webtiles) character file.

Game seed: 1443510300897609312

291 BinkBink the Shooter (level 6, -1/32 HPs)
             Began as a Spriggan Hunter on Oct 5, 2023.
             Was an Initiate of Dithmenos.
             Slain by a black bear (4 damage)
             ... on level 4 of the Dungeon.
             The game lasted 00:04:12 (2821 turns).

BinkBink the Shooter (Spriggan Hunter)              Turns: 2821, Time: 00:04:12

Health: -1/32      AC:  2    Str:  7    XL:     6   Next: 10%
Magic:  7/7        EV: 20    Int: 10    God:    Dithmenos [......]
Gold:   184        SH:  0    Dex: 21    Spells: 5/5 levels left

rFire   . . .        a - +0 shortbow (chaos)
rCold   . . .        (shield currently unavailable)
rNeg    . . .        c - +0 robe
rPois   .            (helmet restricted)
rElec   .            (no cloak)
rCorr   .            (gloves unavailable)
SInv    +            (boots unavailable)
Will    +....        (no amulet)
Stlth   +++          (no ring)
HPRegen 0.25/turn    (no ring)
MPRegen 0.10/turn

%: no passive effects
@: very quick
A: very small, no large weapons, unfitting armour, see invisible, speed 3
a: Renounce Religion


You were on level 4 of the Dungeon.
You worshipped Dithmenos.
Dithmenos was noncommittal.
You visited 2 branches of the dungeon, and saw 5 of its levels.

You collected 184 gold pieces.

Inventory:

Hand Weapons
 a - a +0 shortbow of chaos (weapon)
Armour
 c - a +0 robe (worn)
Jewellery
 k - a ring of poison resistance
 l - a ring of willpower
 w - a +6 ring of intelligence
Scrolls
 b - a scroll of butterflies
 d - a scroll of poison
 g - a scroll of vulnerability
 i - a scroll of revelation
 j - 4 scrolls of teleportation
 p - a scroll of immolation {unknown}
 q - 2 scrolls of fog
 r - a scroll of amnesia {unknown}
Potions
 f - a potion of invisibility {unknown}
 h - a potion of curing {unknown}
 m - a potion of degeneration {unknown}
 n - 2 potions of enlightenment {unknown}
 s - a potion of lignification {unknown}
 t - a potion of resistance {unknown}
 u - 2 potions of mutation {unknown}
 v - a potion of might {unknown}


   Skills:
 + Level 2.9 Fighting
 + Level 5.0 Ranged Weapons
 + Level 4.8 Dodging
 + Level 4.9 Stealth


You had 5 spell levels left.
You didn't know any spells.
Your spell library contained the following spells:

 Spells                   Type           Power      Damage    Failure   Level
 Blink                    Tloc           0%         N/A       50%         2
 Lesser Beckoning         Tloc           0%         N/A       50%         2
 Momentum Strike          Conj/Tloc      0%         3d8       50%         2


Dungeon Overview and Level Annotations

Branches:
Dungeon (4/15)             Temple (1/1) D:4

Altars:
Cheibriados
Dithmenos
Fedhas
Gozag
Hepliaklqana
Makhleb
Nemelex Xobeh
Okawaru
Ru
Sif Muna
Trog
Uskayaw
Vehumet
Wu Jian
Xom
Yredelemnul
Zin
The Shining One

Shops:
D:1 :

Annotations:
D:4 Dowan, Duvessa


Innate Abilities, Weirdness & Mutations

You are very small and have problems with some larger weapons.
You are too small for most types of armour.
You have supernaturally acute eyesight. (SInv)
You cover ground extremely quickly. (Speed+++)


Message History

You can't go up here!
There is a shimmering blue altar of Sif Muna here.
There is a staircase back to the Dungeon here.
You climb upwards.
Welcome back to the Dungeon!
Level annotation: Dowan, Duvessa
There is a staircase to the Ecumenical Temple here.
A black bear comes into view.
You see here 17 gold pieces.
You shoot an arrow. The arrow hits the black bear.
The black bear growls angrily.
The black bear seems to speed up.
The black bear is lightly wounded.
You shoot an arrow. The arrow hits the black bear.
The black bear is lightly wounded.
You shoot an arrow. The arrow hits the black bear!
The black bear is moderately wounded.
You shoot an arrow. The arrow hits the black bear.
The black bear goes berserk!
The black bear is heavily wounded.
The black bear closely misses you. The black bear completely misses you.
The black bear closely misses you.
You shoot an arrow. The arrow barely misses the black bear.
The black bear bites you. The black bear closely misses you. x2
The black bear bites you. The black bear barely misses you. x2
You shoot an arrow. The arrow hits the black bear.
The black bear suddenly seems more agile.
The black bear is heavily wounded.
The black bear bites you! The black bear claws you.
The black bear closely misses you.
The black bear bites you but does no damage.
The black bear claws you.
* * * LOW HITPOINT WARNING * * *
The black bear completely misses you.
You open the door. The black bear barely misses you. The black bear misses you.
The black bear barely misses you.
There is an open door here.
The black bear attacks as it pursues you!
The black bear closely misses you. The black bear claws you.
* * * LOW HITPOINT WARNING * * *
The black bear claws you.
You die...

#......'...#.....#
#####...########.###
#+#...#'#.# #.# #
###.......### #.###
#...........########....
#.........##...........
+.........†..#.##...###
##.......#####.#.......
#....@..# #.#....###
%####h#### #.#.#.## #.
#....# #.#.#.# #..#....#
#.#.#.# #..#...##
#.#.#.# .#....#$>#
#.#.#.# .........##.#
#.#.#.## ..#...#...##.#
#.#..#.### .
#..#...###.# #...###...


You could see a black bear (berserk, fast, agile).

Vanquished Creatures
  Sigmund (D:2)
  An iguana (D:3)
  Robin (D:2)
  3 adders
  A worm (D:3)
  A dart slug (D:1)
  An orc (D:2)
  4 endoplasms
  5 giant cockroaches
  6 goblins
  9 hobgoblins
  5 kobolds
  5 ball pythons
  8 bats
  A frilled lizard (D:2)
  2 rats (D:1)
54 creatures vanquished.

Notes
Turn   | Place    | Note
-------+----------+-------------------------------------------
     0 | D:1      | BinkBink the Spriggan Hunter began the quest for the Orb.
     0 | D:1      | Reached XP level 1. HP: 10/10 MP: 2/2
   206 | D:1      | Reached XP level 2. HP: 15/15 MP: 3/3
   452 | D:1      | Found Ucvaom's Book Emporium.
  1229 | D:2      | Reached XP level 3. HP: 18/18 MP: 4/4
  1310 | D:2      | Noticed Sigmund
  1373 | D:2      | Killed Sigmund
  1374 | D:2      | Reached XP level 4. HP: 15/23 MP: 5/5
  1374 | D:2      | Reached XP level 5. HP: 18/27 MP: 6/6
  1512 | D:2      | Noticed Robin
  1542 | D:2      | Killed Robin
  1570 | D:2      | Found a faded altar of an unknown god.
  1721 | D:3      | Reached skill level 5 in Ranged Weapons
  1781 | D:3      | Found a shadowy altar of Dithmenos.
  1791 | D:3      | Became a worshipper of Dithmenos the Shadowed
  1820 | D:3      | Reached XP level 6. HP: 31/32 MP: 7/7
  1855 | D:3      | Found a basalt altar of Yredelemnul.
  1867 | D:3      | Found a hazy altar of Hepliaklqana.
  2520 | D:4      | Noticed Dowan
  2521 | D:4      | Noticed Duvessa
  2691 | D:4      | Found a staircase to the Ecumenical Temple.
  2700 | Temple   | Entered the Ecumenical Temple
  2821 | D:4      | Slain by a black bear

Illustrated notes

Levels and vault maps discovered:
D:1:      minmay_arrival_radiant_lines, layout_basic, serial_shops, shop,
          minmay_pentomino_z4
D:2:      layout_loops_ring, shapermc_ecumenical_altar_petra,
          serial_bayou_pond_e, nicolae_figureground_pulse, uniq_robin,
          uniq_sigmund
D:3:      layout_basic, grunt_dithmenos_smoke, grunt_temple_overflow_open,
          kennysheep_generic_room_8
D:4:      nicolae_cairo_tiling_very_big, layout_loops_ring,
          nicolae_overflow_hidden_temple, roderic_lattice_a, uniq_duvessa
Temple:   regret_index_temple_waves

Skill      XL: |  1  2  3  4  5 |
---------------+----------------+-----
Stealth        | 2 4 |  4.9
Dodging        | 3 4 |  4.8
Fighting       | 2 |  2.9
Ranged Weapons | 5 |  5.0

Action                     |  1- 3 |  4- 6 || total
---------------------------+-------+-------++-------
  Melee: Shortbow          |     1 |       ||     1
   Fire: Shortbow          |    88 |    90 ||   178
    Use: Scroll            |       |     7 ||     7
 Armour: Robe              |     7 |    15 ||    22
  Dodge: Dodged            |    22 |    48 ||    70

Table legend: (Time is in decaauts)
 A = Elapsed time spent in this place.
 B = Non-inter-level travel time spent in this place.
 C = Inter-level travel time spent in this place.
 D = Time resting spent in this place.
 E = Time spent auto-exploring this place.
 F = Levels seen in this place.
 G = Mean time per level.
                   A        B        C        D        E       F      G
               +--------+--------+--------+--------+--------+-----+--------+
         Total |   1882 |   1752 |    130 |     13 |   1372 |   5 |  376.4 |
       Dungeon |   1817 |   1751 |     66 |     13 |   1372 |   4 |  454.2 |
        Temple |     65 |      2 |     63 |      0 |      0 |   1 |   65.0 |
               +--------+--------+--------+--------+--------+-----+--------+

Top non-repeatable levels by time:
     D:2: 616 daAuts
     D:3: 594 daAuts
     D:1: 519 daAuts
     D:4: 86 daAuts
  Temple: 65 daAuts
